 Dungeon Crawl Stone Soup version 0.27.1-4-g1640c2035a (webtiles) character file.

Game seed: 2663461800834002711

88 H0rd4k the Charlatan (level 4, -10/33 HPs)
             Began as a Human Artificer on Nov 2, 2021.
             Mangled by an ogre (22 damage)
             ... on level 3 of the Dungeon.
             The game lasted 00:04:08 (3603 turns).

H0rd4k the Charlatan (Human Artificer)              Turns: 3603, Time: 00:04:10

Health: -10/33     AC:  3    Str: 13    XL:     4   Next: 81%
Magic:  4/4        EV: 12    Int: 12    God:
Gold:   164        SH:  0    Dex: 13    Spells: 3/3 levels left

rFire    . . .     SeeInvis .   f - +0 short sword
rCold    . . .     Faith    .   (no shield)
rNeg     . . .     Spirit   .   b - +0 leather armour
rPois    .         Reflect  .   (no helmet)
rElec    .         Harm     .   (no cloak)
rCorr    .         Rampage  .   (no gloves)
Will     .....                  (no boots)
Stlth    +.........             p - amulet of the acrobat
HPRegen  0.11/turn              (no ring)
MPRegen  0.09/turn              (no ring)

@: no status effects
A: no striking features
a: no special abilities


You were on level 3 of the Dungeon.
You visited 1 branch of the dungeon, and saw 3 of its levels.

You collected 164 gold pieces.

Inventory:

Hand Weapons
 f - a +0 short sword (weapon)
 r - a +0 short sword of electrocution
Armour
 b - a +0 leather armour (worn)
Jewellery
 g - an amulet of magic regeneration
 p - an amulet of the acrobat (around neck)
 q - a +4 ring of protection
Wands
 c - a wand of flame (6) (quivered)
 d - a wand of charming (6)
Scrolls
 a - 6 scrolls of identify {unknown}
 h - a scroll of vulnerability {unknown}
 l - 2 scrolls of teleportation {unknown}
 m - a scroll of immolation {unknown}
 n - a scroll of blinking {unknown}
 o - a scroll of brand weapon {unknown}
Potions
 i - a potion of heal wounds {unknown}
 j - a potion of haste {unknown}
 k - 3 potions of curing {unknown}
Miscellaneous
 e - a piece from Xom's chessboard (15/15)


   Skills:
 + Level 1.8 Fighting
 + Level 1.8 Short Blades
 - Level 2.0 Armour
 + Level 2.1 Dodging
 - Level 1.0 Stealth
 + Level 3.8 Evocations


You had 3 spell levels left.
You didn't know any spells.
Your spell library contained the following spells:

 Spells                   Type           Power      Damage    Failure   Level
 Dazzling Flash           Conj/Hex       0%         N/A       77%         3
 Agony                    Necr           0%         N/A       100%        5
 Silence                  Hex/Air        0%         N/A       100%        5


Dungeon Overview and Level Annotations

Branches:
Dungeon (3/15)

Altars:
Wu Jian

Annotations:
D:1 1 runed translucent door, exclusion: door
D:2 exclusion: downstairs
D:3 Natasha


Message History

The orc closely misses you.
Aiming: Charm
Press: ? - help, Shift-Dir - straight line, f - orc
Aim: an orc, wielding a +0 club and wearing a +0 chain mail (heavily wounded, chance to affect: 73%)
The orc is charmed.
The orc misses you. The orc hits you with a +0 hand axe.
You swap places.
The orc hits your orc but does no damage.
The orc hits your orc with a +0 hand axe.
You see here a +0 club.
The orc hits your orc with a +0 club.
Your orc dies!
You see here a +0 short sword of electrocution.
r - a +0 short sword of electrocution
There is a stone staircase leading up here.
You climb upwards.
There is a stone staircase leading down here.
You start resting.
HP restored.
Press: ? - help, v - describe, . - travel A stone staircase leading down.
Placed new exclusion.
Reduced exclusion size to a single square.
(D) Dungeon
Where to? (Enter - D:3, ? - help)
There is a stone staircase leading down here.
You climb downwards.
Level annotation: Natasha The ogre shouts!
The ogre hits you with a +0 giant club!!
Ouch! That really hurt!
There is a stone staircase leading up, spattered with blood here.
An ogre is nearby!
The orc shouts!
Aiming: Charm
Press: ? - help, Shift-Dir - straight line, f - ogre
Aim: an ogre, wielding a +0 giant club (chance to affect: 57%)
The ogre resists with significant effort.
The ogre hits you with a +0 giant club!!
Ouch! That really hurt!
You die...

#.........# #.........#
#####.........#
##...#.........#
...............#
/.........<....#
...............###
.................#
...............#@###
...............#O..######
........................##
.........................##
.......##.#.....o.........#
......#...#.?.............#
..#####.###.....).........#
..........................#
.....#..##.........J......#


You could see an ogre and an orc.

Vanquished Creatures
  2 adders
  A worm (D:2)
  2 dart slugs (D:2)
  2 orcs (D:3)
  3 ball pythons
  7 bats
  3 endoplasms
  A giant cockroach (D:1)
  A goblin (D:1)
  4 hobgoblins
  3 quokkas
  4 frilled lizards
  5 kobolds
  4 rats
42 creatures vanquished.

Vanquished Creatures (collateral kills)
  An orc wizard (D:3)
  A worm (D:3)
  2 orcs (D:3)
  A giant cockroach (D:3)
5 creatures vanquished.

Vanquished Creatures (others)
  An orc (D:3)
  A goblin (D:3)
  A kobold (D:3)
3 creatures vanquished.

Grand Total: 50 creatures vanquished

Notes
Turn   | Place    | Note
-------+----------+-------------------------------------------
     0 | D:1      | H0rd4k the Human Artificer began the quest for the Orb.
     0 | D:1      | Reached XP level 1. HP: 15/15 MP: 1/1
     3 | D:1      | Found a runed translucent door.
   386 | D:1      | Reached XP level 2. HP: 3/21 MP: 2/2
  1326 | D:1      | Reached XP level 3. HP: 26/26 MP: 3/3
  2105 | D:2      | Reached skill level 1 in Short Blades
  2323 | D:2      | Reached XP level 4. HP: 32/32 MP: 4/4
  2370 | D:2      | Found an ornate altar of the Wu Jian Council.
  2691 | D:3      | Noticed an ogre
  3238 | D:3      | Noticed Natasha
  3603 | D:3      | Mangled by an ogre

Illustrated notes

Levels and vault maps discovered:
D:1:      dpeg_arrival_caged_fury, layout_loops_ring
D:2:      layout_loops_ring, basic_altar
D:3:      layout_rooms, dreamdust_ecumenical_altar_sealed_demon, uniq_natasha

Skill      XL: |  1  2  3  4 |
---------------+-------------+-----
Short Blades   | 1 |  1.8
Dodging        | 2 |  2.1
Fighting       | |  1.8
Armour         | |  2.0
Stealth        | |  1.0
Evocations     | |  3.8

Action                   |  1- 3 |  4- 6 || total
-------------------------+-------+-------++-------
Melee: Club              |    28 |       ||    28
       Short sword       |   111 |    64 ||   175
Evoke: Wand              |     8 |    10 ||    18
 Stab: Sleeping          |     5 |       ||     5
Armor: Leather armour    |    71 |    17 ||    88
Dodge: Dodged            |   118 |    48 ||   166
